IL
TOLEDO MUD HENS @ OMAHA STORM CHASERS
08/29/2047
 
TOP OF THE 1ST
Toledo Mud Hens batting - Pitching for Omaha Storm Chasers : RHP Brandon Ferrari
Pitching: RHP Brandon Ferrari
Batting: LHB Frank McConnell 0-0: Swinging Strike
0-1: Called Strike
0-2: Fly out, F8 (Flyball, 8LD, EV 86.2 MPH)
Batting: RHB J.J. Basil 0-0: Ball
1-0: Ball
2-0: Ground out 5-3 (Groundball, 56, EV 108.1 MPH)
Batting: SHB Adam Weber 0-0: Ball
1-0: Ball
2-0: Foul Ball, location: 2F
2-1: Foul Ball, location: 2F
2-2: Strikes out looking
Top of the 1st over - 0 runs, 0 hits, 0 errors, 0 left on base; Toledo 0 - Omaha 0
BOTTOM OF THE 1ST
Omaha Storm Chasers batting - Pitching for Toledo Mud Hens : LHP Josh Thorpe
Pitching: LHP Josh Thorpe
Batting: SHB Ryoji Hiraoka 0-0: SINGLE (Groundball, 4MS, EV 67.5 MPH) (infield hit)
Batting: LHB Robby Diaz 0-0: Foul Ball, location: 2F
0-1: Ball
1-1: 2-RUN HOME RUN (Flyball, 7LD, EV 91.2 MPH), Distance : 330 ft
Batting: LHB Jim Pankratz 0-0: Called Strike
0-1: Called Strike
0-2: Ball
1-2: Strikes out looking
Batting: LHB Manny Estrada 0-0: Called Strike
0-1: Called Strike
0-2: Ground out 6-3 (Groundball, 4S, EV 81.2 MPH)
Batting: RHB Walt Cogswell 0-0: Called Strike
0-1: Ground out 6-3 (Groundball, 6, EV 81.2 MPH)
Bottom of the 1st over - 2 runs, 2 hits, 0 errors, 0 left on base; Toledo 0 - Omaha 2
TOP OF THE 2ND
Toledo Mud Hens batting - Pitching for Omaha Storm Chasers : RHP Brandon Ferrari
Batting: LHB Jon Frederick 0-0: Called Strike
0-1: Ball
1-1: Ball
2-1: Ball
3-1: Foul Ball, location: 2F
3-2: Ground out 6-3 (Groundball, 6, EV 104.4 MPH)
Batting: RHB Dan Becvar 0-0: Ball
1-0: Ground out 5-3 (Groundball, 56S, EV 83.8 MPH)
Batting: RHB Willis Morales 0-0: Foul Ball, location: 2F
0-1: Foul Ball, location: 2F
0-2: Ball
1-2: Strikes out swinging
Top of the 2nd over - 0 runs, 0 hits, 0 errors, 0 left on base; Toledo 0 - Omaha 2
BOTTOM OF THE 2ND
Omaha Storm Chasers batting - Pitching for Toledo Mud Hens : LHP Josh Thorpe
Batting: RHB Yuichi Takata 0-0: Ball
1-0: Foul Ball, location: 2F
1-1: Ball
2-1: Swinging Strike
2-2: Ball
3-2: Foul Ball, location: 2F
3-2: Base on Balls
Batting: RHB Colin Boddy 0-0: Ball
1-0: Called Strike
1-1: Fly out, F9 (Flyball, 89D, EV 87.5 MPH)
Batting: RHB Aaron Matthews 0-0: Called Strike
0-1: Called Strike
0-2: Ball
1-2: Foul Ball, location: 2F
1-2: Ball
2-2: Fly out, F8 (Line Drive, 8LS, EV 93.1 MPH)
Batting: LHB Chris Eaker 0-0: Ball
1-0: Foul Ball, location: 2F
1-1: Foul Ball, location: 2F
1-2: Strikes out swinging
Bottom of the 2nd over - 0 runs, 0 hits, 0 errors, 1 left on base; Toledo 0 - Omaha 2
TOP OF THE 3RD
Toledo Mud Hens batting - Pitching for Omaha Storm Chasers : RHP Brandon Ferrari
Batting: RHB Brandon O'Malley 0-0: Called Strike
0-1: Foul Ball, location: 2F
0-2: Foul Ball, location: 2F
0-2: Ball
1-2: Single, Error in OF, E8, batter to second base (Groundball, 4MD, EV 113.1 MPH)
Batting: RHB Keith Hoffman 0-0: Called Strike
0-1: Ball
1-1: SINGLE (Groundball, 6MD, EV 96.2 MPH)
Brandon O'Malley to third
Runner from 3rd tries for Home, SAFE, throw by CF to home
Batting: RHB Aaron Cusick 0-0: Swinging Strike
0-1: Swinging Strike
0-2: Strikes out swinging
Batting: LHB Frank McConnell 0-0: Fly out, F8 (Line Drive, 8LD, EV 85.6 MPH)
Batting: RHB J.J. Basil 0-0: Foul Ball, location: 2F
0-1: Fly out, F7 (Flyball, 7LSF, EV 91.2 MPH)
Top of the 3rd over - 1 run, 2 hits, 1 error, 1 left on base; Toledo 1 - Omaha 2
BOTTOM OF THE 3RD
Omaha Storm Chasers batting - Pitching for Toledo Mud Hens : LHP Josh Thorpe
Batting: SHB Ryoji Hiraoka 0-0: Called Strike
0-1: Ball
1-1: Foul Ball, location: 2F
1-2: Foul Ball, location: 2F
1-2: Ball
2-2: Foul Ball, location: 2F
2-2: Foul Ball, location: 2F
2-2: SOLO HOME RUN (Flyball, 7D, EV 96.9 MPH), Distance : 371 ft
Batting: LHB Robby Diaz 0-0: Called Strike
0-1: Swinging Strike
0-2: Ball
1-2: Strikes out swinging
Batting: LHB Jim Pankratz 0-0: Swinging Strike
0-1: Swinging Strike
0-2: Ball
1-2: Ball
2-2: Foul Ball, location: 2F
2-2: Fly out, F8 (Flyball, 8LXD, EV 101.9 MPH)
Batting: LHB Manny Estrada 0-0: Ball
1-0: Foul Ball, location: 2F
1-1: Ball
2-1: Called Strike
2-2: Fly out, F8 (Line Drive, 8RD, EV 93.1 MPH)
Bottom of the 3rd over - 1 run, 1 hit, 0 errors, 0 left on base; Toledo 1 - Omaha 3
TOP OF THE 4TH
Toledo Mud Hens batting - Pitching for Omaha Storm Chasers : RHP Brandon Ferrari
Batting: SHB Adam Weber 0-0: Ball
1-0: Called Strike
1-1: Swinging Strike
1-2: Ball
2-2: Ball
3-2: Foul Ball, location: 2F
3-2: Ground out 3-1 (Groundball, 3L, EV 105.6 MPH)
Batting: LHB Jon Frederick 0-0: Called Strike
0-1: Ball
1-1: Ground out 3-1 (Groundball, 34, EV 98.1 MPH)
Batting: RHB Dan Becvar 0-0: Called Strike
0-1: Ball
1-1: Foul Ball, location: 2F
1-2: Strikes out looking
Top of the 4th over - 0 runs, 0 hits, 0 errors, 0 left on base; Toledo 1 - Omaha 3
BOTTOM OF THE 4TH
Omaha Storm Chasers batting - Pitching for Toledo Mud Hens : LHP Josh Thorpe
Batting: RHB Walt Cogswell 0-0: Called Strike
0-1: Ball
1-1: Foul Ball, location: 2F
1-2: Ball
2-2: Strikes out looking
Batting: RHB Yuichi Takata 0-0: Called Strike
0-1: Called Strike
0-2: Ball
1-2: Foul Ball, location: 2F
1-2: Foul Ball, location: 2F
1-2: Ball
2-2: Strikes out swinging
Batting: RHB Colin Boddy 0-0: Called Strike
0-1: SOLO HOME RUN (Flyball, 78XD, EV 103.8 MPH), Distance : 407 ft
Batting: RHB Aaron Matthews 0-0: Ball
1-0: Called Strike
1-1: Called Strike
1-2: Foul Ball, location: 2F
1-2: Ball
2-2: Ball
3-2: Fly out, F8 (Flyball, 8RS, EV 85.6 MPH)
Bottom of the 4th over - 1 run, 1 hit, 0 errors, 0 left on base; Toledo 1 - Omaha 4
TOP OF THE 5TH
Toledo Mud Hens batting - Pitching for Omaha Storm Chasers : RHP Brandon Ferrari
Batting: RHB Willis Morales 0-0: Called Strike
0-1: Foul Ball, location: 2F
0-2: Fly out, F9 (Line Drive, 89M, EV 87.5 MPH)
Batting: RHB Brandon O'Malley 0-0: Ball
1-0: Ball
2-0: Ball
3-0: Swinging Strike
3-1: Swinging Strike
3-2: Strikes out swinging
Batting: RHB Keith Hoffman 0-0: Ball
1-0: Ball
2-0: Called Strike
2-1: Fly out, F8 (Flyball, 8RD, EV 98.1 MPH)
Top of the 5th over - 0 runs, 0 hits, 0 errors, 0 left on base; Toledo 1 - Omaha 4
BOTTOM OF THE 5TH
Omaha Storm Chasers batting - Pitching for Toledo Mud Hens : LHP Josh Thorpe
Batting: LHB Chris Eaker 0-0: Ball
1-0: Ball
2-0: Ball
3-0: Called Strike
3-1: SOLO HOME RUN (Flyball, 9D, EV 96.2 MPH), Distance : 363 ft
Pitching: RHP Luis Brown
Batting: SHB Ryoji Hiraoka 0-0: Swinging Strike
0-1: Ball
1-1: Fly out, F7 (Flyball, 7, EV 90.0 MPH)
Batting: LHB Robby Diaz 0-0: Ball
1-0: Foul Ball, location: 2F
1-1: Foul Ball, location: 2F
1-2: Strikes out looking
Batting: LHB Jim Pankratz 0-0: Swinging Strike
0-1: Fly out, F7 (Line Drive, 7LM, EV 95.0 MPH)
Bottom of the 5th over - 1 run, 1 hit, 0 errors, 0 left on base; Toledo 1 - Omaha 5
TOP OF THE 6TH
Toledo Mud Hens batting - Pitching for Omaha Storm Chasers : RHP Brandon Ferrari
Batting: RHB Aaron Cusick 0-0: Foul Ball, location: 2F
0-1: Called Strike
0-2: Ground out 5-3 (Groundball, 56S, EV 71.9 MPH)
Batting: LHB Frank McConnell 0-0: Called Strike
0-1: Fly out, F2 (Popup, 2LF, EV 89.4 MPH)
Batting: RHB J.J. Basil 0-0: Called Strike
0-1: Ball
1-1: Ball
2-1: Ball
3-1: DOUBLE (Line Drive, 89D, EV 101.2 MPH)
Pitching: RHP Terry Romaine
Batting: SHB Adam Weber 0-0: Called Strike
0-1: Foul Ball, location: 2F
0-2: Ball
1-2: Strikes out looking
Top of the 6th over - 0 runs, 1 hit, 0 errors, 1 left on base; Toledo 1 - Omaha 5
BOTTOM OF THE 6TH
Omaha Storm Chasers batting - Pitching for Toledo Mud Hens : RHP Luis Brown
Batting: LHB Manny Estrada 0-0: Ball
1-0: Ball
2-0: SINGLE (Groundball, 4MS, EV 65.6 MPH) (infield hit)
Batting: RHB Walt Cogswell 0-0: Foul Ball, location: 2F
0-1: Called Strike
0-2: Ball
1-2: Ball
2-2: Fly out, F7 (Flyball, 7S, EV 88.8 MPH)
Batting: RHB Yuichi Takata 0-0: Ball
1-0: Foul Ball, location: 2F
1-1: Reached on error, E1 (Groundball, 13S, EV 71.2 MPH)
Manny Estrada to second
Batting: RHB Colin Boddy 0-0: Ball
1-0: Ball
2-0: Called Strike
2-1: SINGLE (Groundball, 4MD, EV 101.2 MPH)
Manny Estrada to third
Yuichi Takata to second
Pitching: RHP Nate Mull
Batting: RHB Aaron Matthews 0-0: Grounds into double play, 4-6-3 (Groundball, 4S, EV 85.0 MPH)
Bottom of the 6th over - 0 runs, 2 hits, 1 error, 2 left on base; Toledo 1 - Omaha 5
TOP OF THE 7TH
Toledo Mud Hens batting - Pitching for Omaha Storm Chasers : RHP Terry Romaine
Batting: LHB Jon Frederick 0-0: Ball
1-0: Ball
2-0: Called Strike
2-1: Foul Ball, location: 2F
2-2: Ball
3-2: Base on Balls
Batting: RHB Dan Becvar 0-0: Foul Ball, location: 2F
0-1: Ball
1-1: Ball
2-1: Ball
3-1: Base on Balls
Jon Frederick to second
Batting: RHB Willis Morales 0-0: Ball
1-0: Ball
2-0: Fielders Choice at 2nd, 6-4 (Groundball, 56, EV 83.8 MPH)
Jon Frederick to third
Batting: RHB Brandon O'Malley 0-0: Swinging Strike
0-1: Ball
Willis Morales is caught stealing 2nd base 2-4
1-1: Foul Ball, location: 2F
1-2: Ball
2-2: Ground out 4-3 (Groundball, 4M, EV 104.4 MPH)
Top of the 7th over - 0 runs, 0 hits, 0 errors, 1 left on base; Toledo 1 - Omaha 5
BOTTOM OF THE 7TH
Omaha Storm Chasers batting - Pitching for Toledo Mud Hens : RHP Nate Mull
Batting: LHB Chris Eaker 0-0: Called Strike
0-1: Foul Ball, location: 2F
0-2: Strikes out swinging
Batting: SHB Ryoji Hiraoka 0-0: Foul Ball, location: 2F
0-1: Swinging Strike
0-2: SINGLE (Groundball, 4MD, EV 101.9 MPH)
Batting: LHB Robby Diaz 0-0: Ball
1-0: Swinging Strike
1-1: Called Strike
1-2: Foul Ball, location: 2F
1-2: Foul Ball, location: 2F
1-2: Ball
2-2: Ball
3-2: Strikes out swinging
Ryoji Hiraoka steals 2nd base
Batter strikes out.
Batting: LHB Jim Pankratz 0-0: Called Strike
Ryoji Hiraoka steals 3rd base
0-1: Called Strike
0-2: Ball
1-2: Strikes out swinging
Bottom of the 7th over - 0 runs, 1 hit, 0 errors, 1 left on base; Toledo 1 - Omaha 5
TOP OF THE 8TH
Toledo Mud Hens batting - Pitching for Omaha Storm Chasers : RHP Terry Romaine
Batting: RHB Keith Hoffman 0-0: Ball
1-0: Foul Ball, location: 2F
1-1: Ball
2-1: Ball
3-1: Called Strike
3-2: Foul Ball, location: 2F
3-2: SINGLE (Line Drive, 89S, EV 109.4 MPH)
Pinch Hitting: LHB Conrad Taylor 0-0: TRIPLE (Flyball, 89XD, EV 93.1 MPH)
Keith Hoffman scores
Batting: LHB Frank McConnell 0-0: Foul Ball, location: 2F
0-1: Ball
1-1: Swinging Strike
1-2: Ground out 4-3 (Groundball, 4, EV 81.2 MPH)
Conrad Taylor scores
Batting: RHB J.J. Basil 0-0: Called Strike
0-1: Called Strike
0-2: Ball
1-2: Ball
2-2: Ground out 4-3 (Groundball, 4M, EV 83.1 MPH)
Batting: SHB Adam Weber 0-0: Foul Ball, location: 2F
0-1: Ball
1-1: Called Strike
1-2: Ball
2-2: Ball
3-2: Single, Error in OF, E8, batter to second base (Groundball, 4D, EV 98.8 MPH)
Pitching: LHP Gregg Meyers
Batting: LHB Jon Frederick 0-0: Fly out, F9 (Flyball, 89S, EV 86.9 MPH)
Top of the 8th over - 2 runs, 3 hits, 1 error, 1 left on base; Toledo 3 - Omaha 5
BOTTOM OF THE 8TH
Omaha Storm Chasers batting - Pitching for Toledo Mud Hens : RHP Nate Mull
Pitching: RHP Jason Mucci
Now at 1B: Conrad Taylor
Now in LF: Keith Hoffman
Batting: LHB Manny Estrada 0-0: Swinging Strike
0-1: Fly out, F6 (Line Drive, 6M, EV 66.9 MPH)
Batting: RHB Walt Cogswell 0-0: Swinging Strike
0-1: Called Strike
0-2: Foul Ball, location: 2F
0-2: Strikes out swinging
Batting: RHB Yuichi Takata 0-0: Swinging Strike
0-1: Ball
1-1: Ball
2-1: Ball
3-1: Foul Ball, location: 2F
3-2: Foul Ball, location: 2F
3-2: Ground out 1-3 (Groundball, 23, EV 58.8 MPH)
Bottom of the 8th over - 0 runs, 0 hits, 0 errors, 0 left on base; Toledo 3 - Omaha 5
TOP OF THE 9TH
Toledo Mud Hens batting - Pitching for Omaha Storm Chasers : LHP Gregg Meyers
Batting: RHB Dan Becvar 0-0: Ball
1-0: Ball
2-0: Called Strike
2-1: Foul Ball, location: 2F
2-2: Strikes out swinging
Batting: RHB Willis Morales 0-0: Ball
1-0: Fly out, F1 (Line Drive, P, EV 67.5 MPH)
Batting: RHB Brandon O'Malley 0-0: Ball
1-0: Ball
2-0: Foul Ball, location: 2F
2-1: Called Strike
2-2: Foul Ball, location: 2F
2-2: Ball
3-2: Base on Balls
Batting: RHB Keith Hoffman 0-0: Ball
1-0: Ball
2-0: Ball
3-0: Base on Balls
Brandon O'Malley to second
Batting: LHB Conrad Taylor 0-0: Ball
1-0: Ball
2-0: Foul Ball, location: 2F
2-1: Ball
3-1: Swinging Strike
3-2: Ground out 4-3 (Groundball, 4, EV 85.6 MPH)
Top of the 9th over - 0 runs, 0 hits, 0 errors, 2 left on base; Toledo 3 - Omaha 5
Thursday, December 15th , 2022 - OOTP Baseball 23.9 Build 102